[Event "Late-Titled-Tuesday-Blitz-April-30-2024"]
[Site "Chess.com"]
[Date "2024.04.30"]
[Round "6"]
[White "el008"]
[Black "NowInChess"]
[Result "1-0"]
[WhiteElo "2530"]
[BlackElo "2253"]
[TimeControl "180+1"]
[EndTime "15:06:28 PDT"]
[Termination "el008 won on time"]

1. b3 d6 2. Bb2 Nd7 3. g3 Ngf6 4. Bg2 g6 5. d3 Bg7 6. Nd2 O-O 7. Ngf3 e5 8. O-O c6 9. e4 a5 10. a3 a4 11. b4 Re8 12. c4 d5 13. cxd5 cxd5 14.
Rc1 dxe4 15. dxe4 Nb6 16. Bxe5 Nxe4 17. Bc7 Qf6 18. Nxe4 Rxe4 19. Bd8 Qb2 20. Bxb6 Bg4 21. Qd3 Rae8 22. Nd2 Be2 23. Qxe4 Rxe4 24. Rc8+ Bf8 25.
Nxe4 Bxf1 26. Bxf1 Kg7 27. Rd8 Qb1 28. Nc3 Qe1 29.
Bd4+ f6 30. Nd5 Be7 31. Rd7 Kf8 32. Rxe7 Qd1 33. Bc5 1-0

[Event "Late-Titled-Tuesday-Blitz-April-30-2024"]
[Site "Chess.com"]
[Date "2024.04.30"]
[Round "6"]
[White "DominguezOnYoutube"]
[Black "penguingm1"]
[Result "1-0"]
[WhiteElo "2958"]
[BlackElo "2870"]
[TimeControl "180+1"]
[EndTime "15:06:30 PDT"]
[Termination "DominguezOnYoutube won by resignation"]

1. e4 e5 2. Nf3 Nc6 3. Bc4 Nf6 4. d3 h6 5. O-O d6 6. c3 g6 7. Re1 Bg7 8. d4 O-O 9. dxe5 Nxe5 10. Nxe5 dxe5 11.
Qxd8 Rxd8 12. f3 a5 13. a4 Ne8 14. Be3 Nd6 15. Bb3 b6 16. Na3 Bb7 17. Rad1 Kf8 18. Bd5 Bxd5 19. Rxd5 Ke7 20. Red1 f5 21. exf5 gxf5 22. f4 e4 23. Kf2 Nb7 24. h3 Ke6 25. Nb5 Rac8 26. Nxc7+ Rxc7 27. Rxd8 Nxd8 28. Rxd8 Rb7 29.
Ra8 b5 30. Ra6+ Kf7 31. Rxa5 bxa4 32. Bc1 Bf8 33. Rxf5+ Ke6 34. Rxf8 1-0

[Event "Late-Titled-Tuesday-Blitz-April-30-2024"]
[Site "Chess.com"]
[Date "2024.04.30"]
[Round "6"]
[White "PNEPaul"]
[Black "Janh4"]
[Result "0-1"]
[WhiteElo "1952"]
[BlackElo "2196"]
[TimeControl "180+1"]
[EndTime "15:06:30 PDT"]
[Termination "Janh4 won by checkmate"]

1. e4 c6 2. d4 d5 3. Nc3 dxe4 4. f3 e6 5. fxe4 Bb4 6. Nf3 Nd7 7. Be2 Qa5 8. Bd2 Ngf6 9. a3 Bxc3 10. Bxc3 Qc7 11.
Bd3 b6 12. O-O Bb7 13. b3 O-O-O 14. Bb2 h6 15. Qe2 c5 16. c3 e5 17. d5 Nh5 18.
Bc1 g5 19. Ba6 Nf4 20. Bxb7+ Kxb7 21. Bxf4 gxf4 22. c4 Qd6 23. Rfb1 Rdg8 24. b4 Rg4 25. bxc5 Qxc5+ 26. Kh1 Rhg8 27. Ne1 Nf6 28. Rd1 R8g5 29. d6 Rh5 30. d7 Rxh2+ 31. Kxh2 Rh4# 0-1

[Event "Late-Titled-Tuesday-Blitz-April-30-2024"]
[Site "Chess.com"]
[Date "2024.04.30"]
[Round "6"]
[White "NajdorfPlayerc5"]
[Black "Oleg_Papayan"]
[Result "1-0"]
[WhiteElo "2492"]
[BlackElo "2636"]
[TimeControl "180+1"]
[EndTime "15:06:31 PDT"]
[Termination "NajdorfPlayerc5 won by resignation"]

1. d4 d5 2. c4 e6 3. Nc3 Nf6 4. cxd5 exd5 5. Bg5 Be7 6. e3 O-O 7. Bd3 Re8 8. Nge2 h6 9. Bh4 Ne4 10. Bxe7 Rxe7 11. O-O Nxc3 12. Nxc3 c6 13. Qd2 Bg4 14. f3 Bh5 15. Rae1 Bg6 16. Bxg6 fxg6 17. e4 dxe4 18.
fxe4 Nd7 19. e5 Nxe5 20. Qe3 Nf3+ 21. Qxf3 Qxd4+ 22. Qf2 Qb4 23. a3 Qd6 24. Rxe7 Qxe7 25. Re1 Qd7 26. Qe3 Rd8 27. Qe6+ Qxe6 28. Rxe6 Rd2 29.
Re2 Rd3 30. Kf2 Kf7 31. Ne4 b6 32. Rd2 Rb3 33. Nc3 Ke6 34. Ke3 c5 35. Kd3 b5 36. Kc2 c4 37. Re2+ Kf7 38. Re5 a6 39.
Rc5 g5 40. Rc6 a5 41. Rc5 b4 42. Rxc4 a4 43. Rxb4 1-0

[Event "Late-Titled-Tuesday-Blitz-April-30-2024"]
[Site "Chess.com"]
[Date "2024.04.30"]
[Round "6"]
[White "UK_23"]
[Black "JaackCamel"]
[Result "0-1"]
[WhiteElo "2455"]
[BlackElo "2285"]
[TimeControl "180+1"]
[EndTime "15:06:31 PDT"]
[Termination "JaackCamel won by checkmate"]

1. e4 e6 2. d4 d5 3. e5 c5 4.
c3 Nc6 5. Nf3 Qb6 6. Be2 cxd4 7.
cxd4 Nh6 8. Bd3 Nf5 9. Bxf5 exf5 10. Nc3 Be6 11. O-O Be7 12. h4 O-O 13. Ne2 Rac8 14. a3 Na5 15. b4 Nc4 16. Nf4 a5 17. Rb1 axb4 18. axb4 Ra8 19. Nd3 Ra2 20. Bg5 Qc7 21. g3 Rfa8 22. Nf4 h6 23. Bxe7 Qxe7 24. h5 R8a3 25. Ne1 Qg5 26. Ned3 Ne3 27. Qf3 Nxf1 28. Rxf1 Qg4 29. Qxg4 fxg4 30. Rc1 Bf5 31. Nc5 b6 32. Nb7 Be4 33. Nd6 Ra1 34. Rf1 Rxf1+ 35.
Kxf1 Bf3 36. Ke1 Rb3 37. b5 Rb4 38. e6 Rxd4 39. e7 Rd1# 0-1

[Event "Late-Titled-Tuesday-Blitz-April-30-2024"]
[Site "Chess.com"]
[Date "2024.04.30"]
[Round "6"]
[White "rhungaski"]
[Black "ExchangeAB"]
[Result "0-1"]
[WhiteElo "2557"]
[BlackElo "2463"]
[TimeControl "180+1"]
[EndTime "15:06:33 PDT"]
[Termination "ExchangeAB won by resignation"]

1. e4 c6 2. d4 d5 3. e5 Bf5 4. g4 Be4 5. f3 Bg6 6. e6 fxe6 7. h4 Qd6 8. h5 Qg3+ 9. Ke2 Bf7 10. Qe1 Qxe1+ 11.
Kxe1 Nf6 12. Bf4 Nfd7 13. Nc3 a6 14. Na4 b5 15. Nc3 c5 16. dxc5 e5 17. Bg3 Nc6 18. Rd1 e6 19. Nh3 Bxc5 20. Ng5 h6 21. Nxf7 Kxf7 22. g5 hxg5 23. Nxd5 exd5 24. Rxd5 Rad8 25. Bh3 Ncb8 26. Bf5 Bb6 27. Ke2 Nf8 28. Rxe5 Bc7 29. Bg6+ Nxg6 30. hxg6+ Kxg6 31. Rxh8 Rxh8 32. Re6+ Kf7 0-1

[Event "Late-Titled-Tuesday-Blitz-April-30-2024"]
[Site "Chess.com"]
[Date "2024.04.30"]
[Round "6"]
[White "Payyappat"]
[Black "mjelcic"]
[Result "1-0"]
[WhiteElo "2490"]
[BlackElo "2331"]
[TimeControl "180+1"]
[EndTime "15:06:33 PDT"]
[Termination "Payyappat won by checkmate"]

1. e4 g6 2. d4 Bg7 3. Nf3 d6 4. Nc3 Nf6 5. Be3 O-O 6. Be2 c6 7. Qd2 Ng4 8. h3 Nxe3 9. Qxe3 e5 10. O-O-O Qa5 11. d5 c5 12. Nd2 a6 13. g4 b5 14. h4 b4 15. Nc4 Qc7 16. Nb1 f5 17. gxf5 gxf5 18. Rhg1 Kh8 19. Rg5 Bh6 20. Rdg1 f4 21.
Qf3 Bxg5 22. Rxg5 Bd7 23. Qh5 Bb5 24. Qh6 Qe7 25. Nbd2 Nd7 26. Bg4 Bxc4 27. Nxc4 Rg8 28. Nxd6 Nf6 29. Be6 Rxg5 30. hxg5 Rf8 31. gxf6 Qxf6 32.
Qxf6+ Rxf6 33. Nf5 h5 34. d6 h4 35. d7 Rf8 36.
Nd6 Kg7 37. Ne8+ Kg6 38. d8=Q h3 39. Bxh3 Kf7 40. Qd7+ Kg8 41. Qg7# 1-0

[Event "Late-Titled-Tuesday-Blitz-April-30-2024"]
[Site "Chess.com"]
[Date "2024.04.30"]
[Round "6"]
[White "pirulillo"]
[Black "Mackster23"]
[Result "0-1"]
[WhiteElo "2336"]
[BlackElo "2608"]
[TimeControl "180+1"]
[EndTime "15:06:36 PDT"]
[Termination "Mackster23 won by resignation"]

1. e4 c5 2. Nf3 d6 3. d4 cxd4 4. Nxd4 Nf6 5. Nc3 a6 6. Be2 e5 7.
Nb3 Be7 8. Be3 Be6 9. Nd5 Nxd5 10. exd5 Bf5 11. Qd2 O-O 12. O-O Nd7 13. Na5 Qc7 14. c4 Bg6 15. b4 f5 16. f4 Bf6 17. Rac1 b6 18. Nb3 Rfe8 19. Bd3 Qb7 20. fxe5 Nxe5 21. Bxf5 Bxf5 22. Rxf5 Rac8 23. c5 bxc5 24.
bxc5 Qd7 25. Rff1 dxc5 26. Nxc5 Qb5 27. d6 Rcd8 28. Qd5+ Nf7 29. d7 Rxe3 30. Rb1 Re5 31. Rfe1 Qxb1 32. Qxe5 Bxe5 33. Rxb1 Bd4+ 34. Kf1 Bxc5 0-1

[Event "Late-Titled-Tuesday-Blitz-April-30-2024"]
[Site "Chess.com"]
[Date "2024.04.30"]
[Round "6"]
[White "1800_strength"]
[Black "JonasEilenberg"]
[Result "1-0"]
[WhiteElo "2803"]
[BlackElo "2561"]
[TimeControl "180+1"]
[EndTime "15:06:37 PDT"]
[Termination "1800_strength won by resignation"]

1. g4 d5 2. Bg2 Bxg4 3. c4 d4 4. Bxb7 Nd7 5. Bf3 Bxf3 6. Nxf3 e5 7. d3 Ngf6 8. Nbd2 Bd6 9. Qa4 O-O 10. Qc6 Rb8 11. Ng5 Nc5 12. Nge4 Rb6 13. Nxf6+ Qxf6 14. Qf3 Qe6 15. b3 f5 16. Qd5 Qxd5 17. cxd5 Na6 18.
a3 Rb5 19. b4 Rxd5 20. Nc4 e4 21. Bb2 exd3 22. exd3 Re8+ 23. Kf1 Nb8 24. Na5 g6 25. Rc1 c5 26. b5 Bc7 27. Nb3 Nd7 28. a4 Rde5 29.
Bxd4 Rd5 30. Be3 Rxd3 31. Nxc5 Nxc5 32. Bxc5 Bf4 33. Rc4 Bh6 34. Bxa7 Ra3 35. Kg2 Ra2 36.
Rb1 Ree2 37. Rd1 Kf7 38. Rd7+ Kf6 39. h4 Bd2 40. Rc6+ Ke5 41. Re7+ 1-0

[Event "Late-Titled-Tuesday-Blitz-April-30-2024"]
[Site "Chess.com"]
[Date "2024.04.30"]
[Round "6"]
[White "tgpgoat"]
[Black "xberli"]
[Result "0-1"]
[WhiteElo "2456"]
[BlackElo "2632"]
[TimeControl "180+1"]
[EndTime "15:06:37 PDT"]
[Termination "xberli won by resignation"]

1. Nf3 d5 2. d4 Nf6 3. g3 Nbd7 4. Bg2 Nb6 5. O-O e6 6. Ne5 Be7 7. a4 a5 8. Na3 O-O 9. c4 c6 10.
c5 Nbd7 11. Bf4 Nxe5 12. Bxe5 b6 13. cxb6 Qxb6 14. Qc2 Nd7 15. Rfc1 c5 16. Nb5 Nxe5 17.
dxe5 Ba6 18. e4 d4 19. Bf1 Rab8 20. Bc4 Rfd8 21. Qd3 h6 22. f4 Bb7 23. Rf1 Rf8 24.
f5 Bg5 25. f6 Be3+ 26. Kg2 Qc6 27. Nd6 Rbd8 28. Bb5 Qc7 29. Rae1 gxf6 30. Rxf6 Bg5 31.
Qf3 Rxd6 32. Qg4 Rdd8 33. h4 Qxe5 34. hxg5 Qxg5 35. Qf3 Kg7 36. Rh1 Qxf6 37. Qg4+ Qg6 38. Qh4 f5 39. Qe7+ Qf7 40. Qh4 Bxe4+ 41. Kf2 Qf6 42. Qh5 Qg5 43. Qe2 0-1

[Event "Late-Titled-Tuesday-Blitz-April-30-2024"]
[Site "Chess.com"]
[Date "2024.04.30"]
[Round "6"]
[White "manitodeplomo"]
[Black "zverr1"]
[Result "1-0"]
[WhiteElo "2617"]
[BlackElo "2473"]
[TimeControl "180+1"]
[EndTime "15:06:38 PDT"]
[Termination "manitodeplomo won on time"]

1. d4 Nf6 2. c4 g6 3. Nc3 Bg7 4. e4 d6 5. Be2 O-O 6. Nf3 e5 7. d5 a5 8. Bg5 h6 9. Bh4 Qe8 10. Nd2 Na6 11. O-O Bd7 12. b3 Nh7 13. a3 f5 14. f3 Bf6 15. Bf2 Bg5 16. Rb1 Nc5 17. Qc2 a4 18. b4 Bxd2 19. Qxd2 Nb3 20. Qxh6 f4 21. Rbd1 g5 22. g4 Rf6 23. Qh3 Nf8 24.
Kh1 Kg7 25. Rg1 Rh6 26. Qg2 Ng6 27. h3 Qe7 28. Bf1 Rah8 29. Kh2 Rxh3+ 30. Qxh3 Rxh3+ 31. Bxh3 Nd4 32. Bxd4 exd4 33. Ne2 Ne5 34. Nxd4 Nxc4 35. Rd3 Ne5 36. Rc3 c5 37. dxc6 bxc6 38. Rgc1 c5 39. bxc5 dxc5 40. Rxc5 Nd3 41. Rc7 Qe8 42.
Rb1 Ne5 43. Rbb7 Qf8 44. Ne6+ 1-0

[Event "Late-Titled-Tuesday-Blitz-April-30-2024"]
[Site "Chess.com"]
[Date "2024.04.30"]
[Round "6"]
[White "aranibos"]
[Black "CarlosjPineror"]
[Result "0-1"]
[WhiteElo "2324"]
[BlackElo "2712"]
[TimeControl "180+1"]
[EndTime "15:06:39 PDT"]
[Termination "CarlosjPineror won on time"]

1. d4 Nf6 2. Nf3 d6 3. Bg5 g6 4. Nbd2 Bg7 5. e3 O-O 6. Bd3 Nc6 7.
h4 h6 8. h5 hxg5 9. hxg6 fxg6 10. Bxg6 g4 11. Ng5 Bh6 12. Rxh6 Kg7 13. Nf7 Rxf7 14.
Bxf7 Kxh6 15. Ke2 Kg7 16. Bb3 Bf5 17. Qh1 Qd7 18. f3 Rh8 19. Qg1 d5 20. c3 e5 21.
Re1 e4 22. Kd1 Qd6 23. f4 Ne7 24. g3 b6 25. Qg2 c5 26. Rh1 Qd8 27. Rxh8 Qxh8 28.
Nf1 Qh3 29. Qe2 Qh1 30. Kd2 Qf3 31. Bd1 Qxe2+ 32. Bxe2 cxd4 33. exd4 Bd7 34. Ne3 Kf7 35. b3 Nf5 36. Nxf5 Bxf5 37. Ke3 Ke7 38. c4 Kd6 39. a4 a5 40. Kf2 Nd7 41. Ke3 Nb8 42. cxd5 Kxd5 43.
Bc4+ Kd6 44. Bb5 Nc6 45. Bc4 Nb4 46. Kd2 Be6 0-1

[Event "Late-Titled-Tuesday-Blitz-April-30-2024"]
[Site "Chess.com"]
[Date "2024.04.30"]
[Round "6"]
[White "dealshark"]
[Black "2346PL"]
[Result "0-1"]
[WhiteElo "2305"]
[BlackElo "2480"]
[TimeControl "180+1"]
[EndTime "15:06:39 PDT"]
[Termination "2346PL won by checkmate"]

1. e4 e5 2. Nf3 Nf6 3. Nc3 Nc6 4. Bb5 Nd4 5. Bd3 d6 6. O-O Nxf3+ 7. Qxf3 Bg4 8. Qg3 h5 9. h3 h4 10. Qe3 Be6 11.
f4 exf4 12. Qxf4 Qd7 13. e5 dxe5 14. Qxe5 Bd6 15. Qb5 c6 16. Qg5 O-O-O 17. Bf5 Rh6 18. Bxe6 Qxe6 19. d3 Rg6 20. Qf5 Qxf5 21. Rxf5 Re8 22.
Bd2 Nd5 23. Nxd5 Re2 24. Rf2 Rxf2 25. Kxf2 cxd5 26. Be3 Bg3+ 27. Kg1 b6 28. Rf1 Re6 29. Rf3 f6 30. Bf2 Bxf2+ 31. Kxf2 Kd7 32. Re3 d4 33. Rxe6 Kxe6 34. Kf3 f5 35. c3 dxc3 36. bxc3 b5 37. Kf4 Kf6 38. d4 g5+ 39. Ke3 Ke6 40. Kd3 Kd5 41.
Ke3 Kc4 42. Kf3 a5 43. a3 b4 44. cxb4 axb4 45. axb4 Kxb4 46. g3 hxg3 47. Kxg3 Kc4 48. h4 gxh4+ 49. Kxh4 Kxd4 50. Kg3 Ke3 51. Kg2 f4 52.
Kf1 Kf3 53. Kg1 Ke2 54. Kg2 f3+ 55. Kh3 f2 56. Kg4 f1=Q 57. Kg5 Qf3 58. Kg6 Qf4 59.
Kh5 Qg3 60. Kh6 Kf3 61. Kh7 Kf4 62. Kh8 Kf5 63. Kh7 Kf6 64. Kh8 Qg7# 0-1

[Event "Late-Titled-Tuesday-Blitz-April-30-2024"]
[Site "Chess.com"]
[Date "2024.04.30"]
[Round "6"]
[White "jactorres"]
[Black "osielchesslover2011"]
[Result "0-1"]
[WhiteElo "2429"]
[BlackElo "2238"]
[TimeControl "180+1"]
[EndTime "15:06:39 PDT"]
[Termination "osielchesslover2011 won on time"]

1. e4 c5 2. Nf3 d6 3. d4 cxd4 4. Nxd4 Nf6 5. Nc3 a6 6. Be2 e6 7. Be3 Be7 8. O-O Qc7 9. f4 O-O 10. Bf3 Nc6 11. Qe1 Bd7 12. Rd1 b5 13. a3 Rab8 14. g4 Nxd4 15. Bxd4 Bc6 16. g5 Nd7 17. Be3 Nc5 18. Qg3 Qb7 19. Bxc5 dxc5 20. f5 exf5 21. exf5 Bxf3 22. Rxf3 Bxg5 23. f6 g6 24. Rd5 Bxf6 25. Rxf6 b4 26. Rh5 bxc3 27. Qh4 gxh5 28. Qg5+ Kh8 29.
Qe5 Rg8+ 0-1

[Event "Late-Titled-Tuesday-Blitz-April-30-2024"]
[Site "Chess.com"]
[Date "2024.04.30"]
[Round "6"]
[White "Rutricks"]
[Black "Krlence"]
[Result "1-0"]
[WhiteElo "2680"]
[BlackElo "2512"]
[TimeControl "180+1"]
[EndTime "15:06:40 PDT"]
[Termination "Rutricks won by resignation"]

1. Nf3 d5 2. b3 Nf6 3. Bb2 Bf5 4.
c4 c6 5. h3 e6 6. e3 h6 7. Nc3 Nbd7 8. d4 Be7 9. Bd3 Bxd3 10. Qxd3 O-O 11. O-O a5 12. Rac1 Bb4 13. a3 Bxc3 14.
Bxc3 Ne4 15. Bb2 Qe7 16. Nh2 f5 17. f3 Nef6 18. Rfe1 a4 19. b4 Nb6 20. c5 Nc4 21. Rc2 g5 22. Rxc4 dxc4 23. Qxc4 Nd5 24. e4 fxe4 25.
fxe4 Nf4 26. d5 exd5 27. Qc3 Qh7 28. Ng4 Rae8 29. Nf6+ Rxf6 30. Qxf6 Qg6 31. Qh8+ Kf7 32.
Qd4 dxe4 33. g3 Nd3 34. Rf1+ Ke7 35. Rf6 Rd8 36. Rxg6 Rxd4 37. Bxd4 Nc1 38. Kf2 Nb3 39. Be3 1-0

[Event "Late-Titled-Tuesday-Blitz-April-30-2024"]
[Site "Chess.com"]
[Date "2024.04.30"]
[Round "6"]
[White "AryanTari"]
[Black "Mops_2004"]
[Result "1-0"]
[WhiteElo "3012"]
[BlackElo "2801"]
[TimeControl "180+1"]
[EndTime "15:06:41 PDT"]
[Termination "AryanTari won by resignation"]

1. e4 g6 2. d4 Bg7 3. Nc3 d6 4. Nf3 a6 5. Be2 Nf6 6. O-O O-O 7. Re1 Nc6 8. d5 Ne5 9. Nxe5 dxe5 10. a4 e6 11. Be3 exd5 12. exd5 Ne8 13. Ne4 f5 14. Bg5 Qd7 15. Nc5 Qd6 16. Nb3 Kh8 17. c4 f4 18. f3 Qd7 19. Nc5 Qf7 20. a5 Nd6 21. Bd3 h6 22. Bh4 g5 23. Bf2 e4 24. Nxe4 Bxb2 25. Rb1 Bg7 26. c5 Nf5 27. d6 Rd8 28. Qc2 Be6 29. Nxg5 hxg5 30. Rxe6 Nd4 31. Re7 Qf6 32. Qc4 Nc6 33. Rxc7 Ne5 34. Qe4 Nxd3 35. Qxd3 Qe6 36. h3 1-0

[Event "Late-Titled-Tuesday-Blitz-April-30-2024"]
[Site "Chess.com"]
[Date "2024.04.30"]
[Round "6"]
[White "pedroholly22"]
[Black "rhwr"]
[Result "1-0"]
[WhiteElo "2456"]
[BlackElo "2275"]
[TimeControl "180+1"]
[EndTime "15:06:41 PDT"]
[Termination "pedroholly22 won by resignation"]

1. e4 c5 2. Nf3 d6 3. d4 cxd4 4.
Nxd4 Nf6 5. Nc3 e5 6. Bb5+ Bd7 7.
Bxd7+ Qxd7 8. Nf5 d5 9. Bg5 Nxe4 10. Nxe4 dxe4 11. Ng3 Qxd1+ 12. Rxd1 f6 13. Be3 Nc6 14. Nxe4 Rd8 15. Rxd8+ Kxd8 16. c3 Kc7 17. g4 Be7 18. Ke2 g6 19. Ng3 Rf8 20. f3 f5 21. Bh6 Rf7 22. h4 Bd6 23. Nf1 e4 24. gxf5 exf3+ 25. Kxf3 Ne5+ 26. Ke4 Rxf5 27. Ne3 Rf2 28.
Bf4 Nf7 29. Nd5+ Kc6 30. b4 Bxf4 31. Nxf4 Rxa2 32. h5 gxh5 33. Rxh5 h6 34. Nd3 Re2+ 35.
Kd4 Re6 36. b5+ Kc7 37. c4 Rg6 38. Nc5 Ng5 39. Kc3 a6 40. bxa6 bxa6 41. Nd3 Kb6 42.
Rh1 Re6 43. Rb1+ Kc7 44. Nc5 Rg6 45. Ra1 h5 46. Nxa6+ Kb6 47. Nb4 Kb7 48. Nd5 Ne4+ 49. Kd4 Ng3 50. Rb1+ Kc8 51. Ne7+ 1-0

[Event "Late-Titled-Tuesday-Blitz-April-30-2024"]
[Site "Chess.com"]
[Date "2024.04.30"]
[Round "6"]
[White "Hirna2005"]
[Black "maximnovik"]
[Result "1-0"]
[WhiteElo "2371"]
[BlackElo "2490"]
[TimeControl "180+1"]
[EndTime "15:06:47 PDT"]
[Termination "Hirna2005 won by resignation"]

1. e4 e5 2. Nf3 Nc6 3. Bc4 Nf6 4. d4 exd4 5. e5 d5 6. Bb5 Ne4 7. Nxd4 Bd7 8. Bxc6 bxc6 9. O-O Bc5 10. Be3 Bb6 11. Nd2 c5 12. N4f3 Nxd2 13. Qxd2 d4 14. Bg5 Qc8 15. Rfe1 O-O 16. Bf6 Bf5 17. h4 h6 18. Qf4 Kh7 19. Ng5+ hxg5 20. Qxg5 Bg6 21. h5 Qf5 22. hxg6+ Qxg6 23. Qh4+ Qh6 24. Qxh6+ Kxh6 25. Bh4 g5 26. Bg3 Kg6 27. a4 a5 28. Ra3 c4 29.
Rf3 f5 30. exf6 Rxf6 31. Re7 Rxf3 32. gxf3 Rd8 33. Bxc7 Bxc7 34. Rxc7 d3 35. cxd3 cxd3 36. Rc1 d2 37. Rd1 Kf5 38. Kf1 Kf4 39. Ke2 Re8+ 40. Kxd2 Kxf3 41. Rg1 g4 42. Rg3+ Kf4 43. b3 Re4 44. Rc3 Rd4+ 45. Ke2 Re4+ 46. Kf1 Rd4 47. Rc4 Rxc4 48. bxc4 Ke4 49. Kg2 Kd4 50. Kg3 Kxc4 51. Kxg4 Kb3 52. f4 Kxa4 53. f5 Kb3 54. f6 a4 55. f7 a3 56. f8=Q a2 57. Qf6 Kc2 58.
Qa1 Kb3 59. Kf3 Kc2 60. Ke3 Kb3 61. Kd3 1-0

[Event "Late-Titled-Tuesday-Blitz-April-30-2024"]
[Site "Chess.com"]
[Date "2024.04.30"]
[Round "6"]
[White "disciplinedbrat"]
[Black "PawnEatingZombie"]
[Result "1-0"]
[WhiteElo "2436"]
[BlackElo "2216"]
[TimeControl "180+1"]
[EndTime "15:06:48 PDT"]
[Termination "disciplinedbrat won on time"]

1. e4 c5 2. Nf3 Nc6 3. d4 cxd4 4. Nxd4 e5 5. Nb5 d6 6. c4 Be6 7. N1c3 a6 8. Na3 Nf6 9. Be3 g6 10. Be2 Bg7 11. h4 h5 12. Bg5 Nd4 13. Nc2 Nxe2 14.
Qxe2 O-O 15. Ne3 Qa5 16. O-O Rac8 17. Rac1 b5 18. cxb5 axb5 19. Bxf6 Bxf6 20. Nxb5 Rxc1 21. Rxc1 Qxa2 22. Nxd6 Bxh4 23. g3 Be7 24. Ndf5 Bf6 25. Kg2 Rb8 26. Rc2 Bg5 27. Nd6 Bxe3 28. Qxe3 Rxb2 29.
Rc7 Re2 30. Qf3 Rc2 31. Re7 Kf8 32. Re8+ Kg7 33. Rb8 Bg4 34. Ne8+ Kh6 35. Qe3+ g5 36. Rb6+ Be6 37. Qf3 1-0

[Event "Late-Titled-Tuesday-Blitz-April-30-2024"]
[Site "Chess.com"]
[Date "2024.04.30"]
[Round "6"]
[White "Balla_Tamas"]
[Black "AlainBruxelles"]
[Result "1-0"]
[WhiteElo "2487"]
[BlackElo "2237"]
[TimeControl "180+1"]
[EndTime "15:06:48 PDT"]
[Termination "Balla_Tamas won on time"]

1. e4 e5 2. Nf3 Nc6 3. Bc4 Nf6 4. Ng5 d5 5. exd5 Na5 6. Bb5+ c6 7. dxc6 bxc6 8. Bd3 Ng4 9. Ne4 f5 10. Ng3 e4 11.
Be2 Nf6 12. O-O f4 13. Nh5 f3 14. Nxf6+ Qxf6 15. d3 fxe2 16. Qxe2 Bf5 17. dxe4 Be6 18. Qa6 Qe5 19. Bd2 Bd6 20. f4 Qxb2 21. Bxa5 Qxa1 22. Qxc6+ Ke7 23. Rd1 Rhd8 24. Bxd8+ Rxd8 25. Nc3 Qb2 26. e5 Bb4 27. Rxd8 Kxd8 28. Ne2 Qb1+ 29. Kf2 Qb2 30. Qxe6 Qxc2 31. Qd5+ Ke8 32. Qb3 Qc5+ 33. Kf1 1-0

[Event "Late-Titled-Tuesday-Blitz-April-30-2024"]
[Site "Chess.com"]
[Date "2024.04.30"]
[Round "6"]
[White "Dr_Pepper18"]
[Black "KVAIDAN"]
[Result "0-1"]
[WhiteElo "2489"]
[BlackElo "2357"]
[TimeControl "180+1"]
[EndTime "15:06:50 PDT"]
[Termination "KVAIDAN won on time"]

1. Nf3 e6 2. c4 f5 3. b3 Nf6 4. Bb2 Be7 5. e3 O-O 6. Be2 d6 7. O-O b6 8. d3 Bb7 9. Nbd2 Qe8 10. Qc2 Nbd7 11. Rfd1 Qg6 12. Bf1 Ne5 13. Nxe5 dxe5 14.
Bxe5 Ng4 15. Bxc7 e5 16. d4 Rac8 17. Bxe5 Nxe5 18. dxe5 Bc5 19. a3 a5 20. Qc3 f4 21.
b4 fxe3 22. fxe3 Rxf1+ 23. Kxf1 Qxg2+ 24. Ke1 Rf8 25. Rdc1 Qg1+ 26. Ke2 Rf2+ 27. Kd3 Qg6+ 28. e4 Bxe4+ 29. Nxe4 Rf3+ 0-1

[Event "Late-Titled-Tuesday-Blitz-April-30-2024"]
[Site "Chess.com"]
[Date "2024.04.30"]
[Round "6"]
[White "GlavkonVVS"]
[Black "Rytenko_V"]
[Result "1-0"]
[WhiteElo "2690"]
[BlackElo "2488"]
[TimeControl "180+1"]
[EndTime "15:06:51 PDT"]
[Termination "GlavkonVVS won on time"]

1. c4 e5 2. Nc3 Nf6 3. g3 Nc6 4.
Bg2 g6 5. Nf3 Bg7 6. d3 O-O 7. Rb1 a5 8. a3 d6 9. b4 axb4 10.
axb4 h6 11. b5 Ne7 12. O-O c6 13. bxc6 bxc6 14. h3 Be6 15. g4 g5 16. Qc2 Ng6 17. e3 d5 18. Nd2 Qd7 19. Na4 Rxa4 20. Qxa4 Bxg4 21. hxg4 Qxg4 22. Qd1 Qf5 23. cxd5 cxd5 24. e4 Qd7 25. exd5 Nxd5 26. Ne4 Ndf4 27. Rb3 f5 28. Ng3 Nxg2 29. Kxg2 Nh4+ 30. Kg1 Qd5 31. f3 Rc8 32. Bb2 Bf8 33. d4 Rd8 34. Qd3 e4 35. fxe4 Qd6 36. Nxf5 Nxf5 37. Rxf5 Rc8 38. d5 Qc5+ 39.
Kg2 Qc7 40. e5 Qh7 41. d6 1-0

[Event "Late-Titled-Tuesday-Blitz-April-30-2024"]
[Site "Chess.com"]
[Date "2024.04.30"]
[Round "6"]
[White "Slovak_fighter2000"]
[Black "erugee"]
[Result "1-0"]
[WhiteElo "2460"]
[BlackElo "2296"]
[TimeControl "180+1"]
[EndTime "15:06:51 PDT"]
[Termination "Slovak_fighter2000 won on time"]

1. e4 e5 2. Nf3 Nc6 3. Nc3 Be7 4. d4 exd4 5. Nxd4 d6 6. Bb5 Bd7 7. Bxc6 bxc6 8. Qf3 c5 9. Nde2 Nf6 10. h3 O-O 11. O-O Bc6 12. Rd1 Qe8 13. Ng3 Nd7 14. Bf4 Bf6 15.
Rab1 g6 16. Bh6 Bg7 17. Bxg7 Kxg7 18. Nd5 Bxd5 19. Rxd5 Ne5 20. Qc3 Kg8 21. f4 Nc6 22. Nh5 f6 23. Qxf6 Qd7 24. Qg5 Kh8 25. Nf6 Qg7 26. e5 Nd4 27. c3 Ne6 28. Qg4 Nxf4 29. Qxf4 dxe5 30. Qxe5 Rxf6 31. Rxc5 Raf8 32. Kh2 Qh6 33.
Rxc7 Qd2 34. Rc8 Qf4+ 35. Qxf4 Rxf4 36. Rxf8+ Rxf8 37. Kg3 Kg7 38. Rd1 h5 39. Rd7+ Kh6 40. Rxa7 g5 41. c4 h4+ 42. Kh2 Rf2 43. b3 Kg6 44. Ra6+ Kf5 45. Ra8 Rc2 46. a4 Rc3 47.
Rb8 1-0

[Event "Late-Titled-Tuesday-Blitz-April-30-2024"]
[Site "Chess.com"]
[Date "2024.04.30"]
[Round "6"]
[White "Sergey_70"]
[Black "IngOscarArdila"]
[Result "1-0"]
[WhiteElo "2490"]
[BlackElo "2321"]
[TimeControl "180+1"]
[EndTime "15:06:53 PDT"]
[Termination "Sergey_70 won by checkmate"]

1. e4 e5 2. Nf3 Nf6 3. Nxe5 d6 4. Nf3 Nxe4 5. Nc3 Nxc3 6. dxc3 Be7 7. Bd3 O-O 8. Bf4 Nd7 9. Qd2 Nf6 10. O-O-O c5 11.
h3 b5 12. c4 bxc4 13. Bxc4 Bb7 14. Bxd6 Ne4 15. Bxe7 Qxe7 16. Qd7 Qxd7 17. Rxd7 Bc6 18. Rc7 Rac8 19. Bxf7+ Kh8 20. Rxc8 Rxc8 21. Ne5 Bb5 22. Re1 Nd6 23. Bd5 g6 24. c4 Be8 25. Ng4 Kg7 26. Re7+ Kf8 27. Rxh7 Nf5 28. Nf6 Ng7 29. Rh8+ Ke7 30.
Nxe8 Nxe8 31. Rh7+ Kf6 32. Rxa7 Ke5 33. g3 Kd4 34.
Kd2 Rd8 35. Re7 Nd6 36. f4 Rb8 37. b3 Rh8 38. h4 Nf5 39. Re4# 1-0

[Event "Late-Titled-Tuesday-Blitz-April-30-2024"]
[Site "Chess.com"]
[Date "2024.04.30"]
[Round "6"]
[White "Mikhail_Golubev"]
[Black "Vincefm"]
[Result "0-1"]
[WhiteElo "2609"]
[BlackElo "2441"]
[TimeControl "180+1"]
[EndTime "15:06:54 PDT"]
[Termination "Vincefm won on time"]

1. e4 c5 2. Nf3 e6 3. d4 cxd4 4. Nxd4 Nc6 5. Nc3 Qc7 6. Be3 a6 7. a3 Nf6 8. f4 d6 9. Qf3 Be7 10.
O-O-O O-O 11. Rg1 Nxd4 12. Bxd4 e5 13. fxe5 dxe5 14. Qg3 Bd6 15. Be3 Bxa3 16. Nd5 Nxd5 17. Rxd5 Be7 18. Bd3 Be6 19. Qxe5 Qc6 20. Bd4 Bf6 21.
Qh5 g6 22. Bxf6 Bxd5 23. Qh4 Bb3 24. e5 Bxc2 25. Bxc2 Rac8 26. Qf2 Qe4 27. Kb1 Qc4 28. Re1 Rfe8 29. Qe2 Qc5 30. Be4 b5 31. Qe3 Qxe3 32. Bf3 Qxe1+ 0-1

[Event "Late-Titled-Tuesday-Blitz-April-30-2024"]
[Site "Chess.com"]
[Date "2024.04.30"]
[Round "6"]
[White "WildTricks"]
[Black "VD_coach"]
[Result "1-0"]
[WhiteElo "2701"]
[BlackElo "2536"]
[TimeControl "180+1"]
[EndTime "15:06:56 PDT"]
[Termination "WildTricks won on time"]

1. Nf3 Nf6 2. g3 g6 3. b3 Bg7 4. Bb2 O-O 5. Bg2 d6 6. d4 Nbd7 7. O-O e5 8. dxe5 Ng4 9. c4 Ndxe5 10. Nc3 Re8 11. Qd2 Bh6 12. Qc2 Bf5 13. e4 Bd7 14.
Rad1 Nxf3+ 15. Bxf3 Bg7 16. Nd5 Ne5 17. Bg2 c6 18. Ne3 Qe7 19. Qd2 Ng4 20. Bxg7 Kxg7 21. Nxg4 Bxg4 22. f3 Be6 23. Qxd6 Qxd6 24. Rxd6 Red8 25.
Rfd1 Rxd6 26. Rxd6 a5 27. a4 b5 28. axb5 cxb5 29. cxb5 Bxb3 30. Ra6 Rc8 31. Bf1 a4 32. b6 Rc1 33. b7 Bc4 34. b8=Q Rxf1+ 35. Kg2 Bxa6 36.
Qe5+ Kg8 37. Qe8+ Kg7 38. Qxa4 Be2 39. Qd4+ Kg8 40. Qd8+ Kg7 41. Qd2 Ba6 42. Qa2 1-0